 Dungeon Crawl Stone Soup version 0.29.1-15-g9cfb28693d (webtiles) character file.

Game seed: 10583941428116254851

638 Heoruswealwe the Magician (level 7, -3/54 HPs)
             Began as a Deep Elf Earth Elementalist on Apr 4, 2023.
             Was an Initiate of Gozag.
             Slain by a killer bee (6 damage)
             ... on level 5 of the Dungeon.
             The game lasted 00:33:49 (3590 turns).

Heoruswealwe the Magician (DEEE)                    Turns: 3590, Time: 00:33:49

Health: -3/54      AC: 23    Str:  5    XL:     7   Next: 25%
Magic:  22/29      EV:  2    Int: 35    God:    Gozag
Gold:   467        SH:  0    Dex: 15    Spells: 11/21 levels left

rFire   . . .      SeeInvis .   l - +2 hand axe "Concordance" {freeze, rC+ MP+9 Int+7}
rCold   + . .      Faith    .   (no shield)
rNeg    . . .      Spirit   .   (body armour currently unavailable)
rPois   +          Reflect  .   (helmet currently unavailable)
rElec   .          Harm     .   (cloak currently unavailable)
rCorr   .          Rampage  .   (gloves currently unavailable)
Will    .....      NoTele   +   (boots currently unavailable)
Stlth   ++........              (no amulet)
HPRegen 0.18/turn               i - +6 ring of intelligence
MPRegen 0.21/turn               (no ring)

@: tree-form
A: stationary, stasis, torment immunity, boosted hp
a: Renounce Religion, Potion Petition, Call Merchant, Bribe Branch


You were on level 5 of the Dungeon.
You worshipped Gozag.
Gozag was aware of your devotion.
You were a tree.
You visited 1 branch of the dungeon, and saw 5 of its levels.

You collected 703 gold pieces.
You spent 236 gold pieces at shops.

Inventory:

Hand Weapons
 h - a +0 scimitar
 l - the +2 hand axe "Concordance" (weapon) {freeze, rC+ MP+9 Int+7}
   (You found it on level 2 of the Dungeon)

   It freezes those it strikes, dealing additional cold damage.
   It can also slow down cold-blooded creatures.
   Int:       It affects your intelligence (+7).
   rC:        It protects you from cold.
   MP:        It affects your magic capacity (+9).
Armour
 a - a +0 robe (melded)
 c - a +1 pair of boots (melded)
 q - a +0 robe
 s - a +1 hat (melded)
Jewellery
 i - a +6 ring of intelligence (left branch)
Wands
 u - a wand of iceblast (15)
 x - a wand of paralysis (8)
Scrolls
 k - a scroll of amnesia
 o - 3 scrolls of enchant weapon
 r - 5 scrolls of teleportation
 w - a scroll of enchant armour
 z - 2 scrolls of magic mapping
Potions
 b - a potion of magic
 d - a potion of might
 e - a potion of flight
 f - 3 potions of mutation
 m - a potion of heal wounds {unknown}
 p - a potion of lignification
 t - a potion of brilliance {unknown}
 v - a potion of resistance
 A - a potion of degeneration {unknown}


   Skills:
 - Level 2.4 Dodging
 - Level 2.4 Stealth
 + Level 7.9 Spellcasting
 - Level 1.1 Transmutations
 + Level 7.0 Earth Magic


You had 11 spell levels left.
You knew the following spells:

 Your Spells              Type           Power      Damage    Failure   Level
a - Sandblast             Erth           100%       2d20      1%          1
b - Stone Arrow           Conj/Erth      76%        3d11      2%          3
c - Petrify               Tmut/Erth      42%        N/A       6%          4
z - Passwall              Tmut/Erth      35%        N/A       1%          2

Your spell library contained the following spells:

 Spells                   Type           Power      Damage    Failure   Level
 Sting                    Tmut/Pois      68%        1d6       2%          1
 Summon Small Mammal      Summ           52%        N/A       3%          1
 Sublimation of Blood     Necr           13%        N/A       4%          2
 Flame Wave               Conj/Fire      13%        2d6       30%         4
 Fulminant Prism          Conj/Hex       6%         3d7       30%         4
 Iskenderun's Mystic Bla  Conj/Tloc      13%        2d5       30%         4
 Summon Ice Beast         Ice/Summ       13%        N/A       30%         4
 Irradiate                Conj/Tmut      8%         3d14      56%         5


Dungeon Overview and Level Annotations

Branches:
Dungeon (5/15)
 Temple: D:4-7

Altars:
Gozag
Sif Muna

Shops:
D:3 *

Annotations:
D:5 1 transporter, H0rd4k's ghost, novice OpAr


Message History

Press: ? - help, Shift-Dir - straight line, f - killer bee
Aim: a killer bee (70% to hit)
The blast of sand hits the killer bee!
The killer bee is almost dead.
The killer bee closely misses you. x3
Casting: Sandblast (safe; 1% risk of failure)
Confirm with . or Enter, or press ? or * to list all spells.
Aiming: Sandblast (safe; 1% risk of failure)
Press: ? - help, Shift-Dir - straight line, f/p - killer bee
Aim: a killer bee (almost dead, 70% to hit)
The blast of sand hits the killer bee!
You kill the killer bee!
The killer bee is no longer distracted by gold.
H0rd4k's ghost barely misses you.
Your Earth Magic skill increases to level 7!
Casting: Sandblast (safe; 1% risk of failure)
Confirm with . or Enter, or press ? or * to list all spells.
Aiming: Sandblast (safe; 1% risk of failure)
Press: ? - help, Shift-Dir - straight line, f - H0rd4k's ghost
Aim: H0rd4k's ghost (heavily damaged, 80% to hit)
The blast of sand misses H0rd4k's ghost.
The killer bee buzzes angrily.
H0rd4k's ghost makes a sound of rattling chains.
H0rd4k's ghost hits you.
* * * LOW HITPOINT WARNING * * *
The killer bee stings you.
* * * LOW HITPOINT WARNING * * *
Okay, then.
It was a potion of lignification.
You turn into a tree.
Your +1 hat melds into your body.
Your +1 pair of boots melds into your body.
Your +0 robe melds into your body.
Your roots penetrate the ground.
The killer bee seems to regain its courage.
The killer bee stings you.
* * * LOW HITPOINT WARNING * * *
H0rd4k's ghost hits you!
* * * LOW HITPOINT WARNING * * *
The killer bee stings you.
You die...
Your body crumbles into a pile of gold.

#.#.#$#.#.#y#.#...########.#
#.#.#$.#. #$.#...'.# #.#
#..©#©.#.# #.©#©..#.# #.#
###.#[.#...#..#..<#.# #.#
#.#.#.#.#.#.#.###.# #.#
#.##...#$..##.# #.######.#
#.####.#.#y##.# #........#
#.##...#yW.##.# #.########
#.###.###♣###.# #.#
#.)#########..# #.#
##..###.###..####.#
##.........####..#
#####..........##
############


You could see 2 killer bees and H0rd4k's ghost.

Vanquished Creatures
  2 ogres
  A scorpion (D:5)
  3 killer bees (D:5)
  A hound (D:5)
  A jelly (D:4)
  An iguana (D:5)
  6 adders
  A shadow imp (D:5)
  2 ufetubi
  4 worms
  A dart slug (D:2)
  8 orcs
  11 ball pythons
  10 endoplasms
  A giant cockroach (D:1)
  5 goblins
  10 hobgoblins
  13 jackals
  4 quokkas
  A bat (D:3)
  2 frilled lizards
  9 kobolds
  2 rats
99 creatures vanquished.

Vanquished Creatures (others)
  2 fungi (D:2)
  2 plants (D:2)
4 creatures vanquished.

Grand Total: 103 creatures vanquished

Notes
Turn   | Place    | Note
-------+----------+-------------------------------------------
     0 | D:1      | Heoruswealwe the Deep Elf Earth Elementalist began the
                  | quest for the Orb.
     0 | D:1      | Reached XP level 1. HP: 10/10 MP: 6/6
   191 | D:1      | Reached XP level 2. HP: 15/15 MP: 4/8
   194 | D:1      | Learned a level 2 spell: Passwall
   490 | D:1      | You fall into a shaft and drop 1 floor!
   726 | D:2      | Found a faded altar of an unknown god.
   734 | D:2      | Got Plato's Tome of Toxins
   735 | D:2      | Prayed at the altar of an unknown god.
   735 | D:2      | Became a worshipper of Gozag Ym Sagoz the Greedy
   890 | D:2      | Reached XP level 3. HP: 19/19 MP: 6/10
   894 | D:2      | Learned a level 3 spell: Stone Arrow
  1151 | D:2      | Identified the +2 hand axe "Concordance" {freeze, rC+ MP+9
                  | Int+7}
  1584 | D:2      | Found a shimmering blue altar of Sif Muna.
  1776 | D:3      | Reached XP level 4. HP: 24/24 MP: 12/12
  1781 | D:3      | Learned a level 4 spell: Petrify
  1842 | D:3      | Reached skill level 5 in Spellcasting
  2162 | D:3      | Found Woat's General Store.
  2167 | D:3      | Bought a scroll of identify for 22 gold pieces
  2167 | D:3      | Bought a scroll of identify for 22 gold pieces
  2167 | D:3      | Bought a potion of resistance for 110 gold pieces
  2167 | D:3      | Bought a scroll of enchant armour for 82 gold pieces
  2333 | D:4      | Reached skill level 5 in Earth Magic
  2400 | D:4      | Reached XP level 5. HP: 28/28 MP: 15/15
  2670 | D:4      | Noticed an ogre
  2676 | D:4      | Killed an ogre
  2687 | D:4      | Got the Spellbook of the Comitatus and Damage Dealing
  3047 | D:4      | Reached XP level 6. HP: 32/32 MP: 17/17
  3297 | D:5      | Entered Level 5 of the Dungeon
  3455 | D:5      | Found a transporter.
  3455 | D:5      | Found a transporter.
  3455 | D:5      | Noticed H0rd4k's ghost (novice OpAr)
  3583 | D:5      | Reached XP level 7. HP: 14/36 MP: 20/20
  3590 | D:5      | Slain by a killer bee

Illustrated notes

Levels and vault maps discovered:
D:1:      evilmike_arrival_plus, layout_basic, chequers_jeans
D:2:      layout_loops_corners, basic_altar,
          shapermc_ecumenical_altar_rom_forum, minmay_tetromino_l4
D:3:      layout_rooms, serial_shops, shop_fountains
D:4:      layout_layer_cave
D:5:      layout_basic, kennysheep_mini_moat, minmay_temple_entry_hall,
          gammafunk_ghost_hive

Skill      XL: |  1  2  3  4  5  6  7 |
---------------+----------------------+-----
Earth Magic    | 4 5 6 7 |  7.0
Spellcasting   | 4 5 6 7 |  7.9
Dodging        | |  2.4
Stealth        | |  2.4
Transmutations | |  1.1

Action                   |  1- 3 |  4- 6 |  7- 9 || total
-------------------------+-------+-------+-------++-------
Melee: Unarmed           |    22 |       |       ||    22
       Punch             |     1 |       |       ||     1
       Scimitar          |     1 |       |       ||     1
       Hand axe          |     1 |       |       ||     1
 Cast: Sandblast         |    54 |    77 |     6 ||   137
       Passwall          |     3 |       |       ||     3
  Use: Scroll            |     6 |    11 |     1 ||    18
       Potion            |       |       |     1 ||     1
Armor: Robe              |     6 |    11 |       ||    17
Dodge: Dodged            |    12 |    18 |     4 ||    34
